 Dungeon Crawl Stone Soup version 0.26-a0-720-g2a1d101370 (webtiles) character file.

Game seed: 13308866875236882612

16 lunkers the Poker (level 2, -5/23 HPs)
             Began as a Merfolk Gladiator on Nov 3, 2020.
             Slain by Sigmund
             ... wielding a +0 scythe
              (6 damage)
             ... on level 2 of the Dungeon.
             The game lasted 00:00:40 (1048 turns).

lunkers the Poker (Merfolk Gladiator)               Turns: 1048, Time: 00:00:41

Health: -5/23      AC:  5    Str: 14    XL:     2   Next: 58%
Magic:  2/2        EV: 14    Int:  7    God:
Gold:   106        SH:  0    Dex: 15    Spells: 1/1 levels left

rFire    . . .     SeeInvis .   a - +0 trident
rCold    . . .     Faith    .   (no shield)
rNeg     . . .     Spirit   .   b - +0 leather armour
rPois    .         Reflect  .   i - +2 hat
rElec    .         Harm     .   (no cloak)
rCorr    .         Rampage  .   (no gloves)
MR       .....                  (no boots)
Stlth    +.........             (no amulet)
HPRegen  0.07/turn              (no ring)
MPRegen  0.08/turn              (no ring)

@: no status effects
A: change form in water, swift swim, stealthy swim
a: no special abilities


You were on level 2 of the Dungeon.
You visited 1 branch of the dungeon, and saw 2 of its levels.

You collected 106 gold pieces.

Inventory:

Hand Weapons
 a - a +0 trident (weapon)
Missiles
 d - 3 throwing nets {=f}
Armour
 b - a +0 leather armour (worn)
 c - a +0 helmet
 i - a +2 hat (worn)
Scrolls
 g - a scroll of identify {unknown}
 h - a scroll of fear {unknown}
Potions
 e - a potion of heal wounds {unknown}
 f - a potion of magic {unknown}


   Skills:
 + Level 2.5 Fighting
 * Level 5.1 Polearms
 - Level 2.0 Throwing
 + Level 4.3 Dodging


You had one spell level left.
You didn't know any spells.
Your spell library was empty.

Dungeon Overview and Level Annotations

Branches:
Dungeon (2/15)

Altars:
Fedhas

Annotations:
D:2 Sigmund


Message History

The hobgoblin hits you but does no damage.
You hit the hobgoblin.
The hobgoblin is lightly wounded.
The hobgoblin barely misses you. Something barely misses you.
You barely miss the hobgoblin.
The hobgoblin is lightly wounded.
The rat bites you. The hobgoblin misses you.
Your leather armour prevents you from hitting the hobgoblin.
Something hits you!
* * * LOW HITPOINT WARNING * * *
The rat closely misses you. The hobgoblin closely misses you.
Something hits you!
* * * LOW HITPOINT WARNING * * *
The hobgoblin hits the fungus with a +0 club!
The fungus begins to die.
Attack whom?
Press: ? - help, Dir - move target cursor, f - rat, p - hobgoblin
Aim: a rat You closely miss the rat.
Something hits you.
You die...

..........####.#.#
.########.#
#.#.####### .# #..
..#.......# .# ###
###.##.##.# .. #
#.##.# .. ..
#.#..# ... #.#.##
....### #.#.###.#
...P..##@......#
§≈.PPPPPr##.#####
§...._P{g##.#
.^..P..P.##..
.....P......#.
>....#.#.####.#
.....#.#.# . ....
....# .. ...
...#.#


You could see a hobgoblin and a rat.

Vanquished Creatures
  A dart slug (D:1)
  A bat (D:1)
  A giant cockroach (D:1)
  A hobgoblin (D:2)
  3 jackals (D:1)
  4 kobolds (D:1)
  A rat (D:2)
12 creatures vanquished.

Vanquished Creatures (others)
  2 plants (D:2)
  3 toadstools (D:1)
5 creatures vanquished.

Grand Total: 17 creatures vanquished

Notes
Turn   | Place    | Note
-------+----------+-------------------------------------------
     0 | D:1      | lunkers the Merfolk Gladiator began the quest for the Orb.
     0 | D:1      | Reached XP level 1. HP: 16/16 MP: 1/1
   268 | D:1      | Reached XP level 2. HP: 23/23 MP: 2/2
   370 | D:1      | Reached skill level 5 in Polearms
  1033 | D:2      | Found a blossoming altar of Fedhas.
  1033 | D:2      | Noticed Sigmund
  1045 | D:2      | HP: 1/23 [something (9)]
  1048 | D:2      | Slain by Sigmund

Illustrated notes

Levels and vault maps discovered:
D:1:      mrwooster_arrival_statue_2, layout_basic, hangedman_decor_lopped,
          minmay_gold_behind_fungi
D:2:      layout_loops_cross, grunt_temple_overflow_forces_of_nature,
          lemuel_round_altar, grunt_qazlal_sundering, uniq_natasha, uniq_sigmund

Skill      XL: |  1  2 |
---------------+-------+-----
Polearms       | 5 |  5.1
Fighting       | |  2.5
Throwing       | |  2.0
Dodging        | |  4.3

Action                   || total
-------------------------++-------
Melee: Trident           ||    51
Armor: Leather armour    ||    13
Dodge: Dodged            ||    52

Table legend: (Time is in decaauts)
 A = Elapsed time spent in this place.
 B = Non-inter-level travel time spent in this place.
 C = Inter-level travel time spent in this place.
 D = Time resting spent in this place.
 E = Time spent auto-exploring this place.
 F = Levels seen in this place.
 G = Mean time per level.
                   A        B        C        D        E       F      G
               +--------+--------+--------+--------+--------+-----+--------+
         Total |   1050 |   1015 |     35 |    256 |    644 |   2 |  525.0 |
       Dungeon |   1050 |   1015 |     35 |    256 |    644 |   2 |  525.0 |
               +--------+--------+--------+--------+--------+-----+--------+

Top non-repeatable levels by time:
     D:1: 990 daAuts
     D:2: 60 daAuts
